 Dungeon Crawl Stone Soup version bcrawl-1.41.1 (webtiles) character file.

Game seed: 7405227532476789256

280163 Grimmash the Chopper (level 10, -3/76 HPs)
             Began as a Formicid Archaeologist on Apr 18, 2024.
             Was a Believer of Cheibriados.
             Slain by a human berserker (7 damage)
             ... on level 7 of the Dungeon.
             The game lasted 00:07:19 (7283 turns).

Grimmash the Chopper (Formicid Archaeologist)       Turns: 7283, Time: 00:07:20

Health: -3/76      AC: 16    Str: 25    XL:     10   Next: 22%
Magic:  13/13      EV: 10    Int: 26    God:    Cheibriados [**....]
Gold:   345        SH:  0    Dex: 15    Spells: 9/9 levels left

rFire    + . .     GDR:     32% a - +3 broad axe (flame)
rCold    . . .     SeeInvis +   (no shield)
rNeg     . . .     Gourm    .   A - +0 plate armour
rPois    .         Faith    .   (helmet unavailable)
rElec    .         Spirit   .   x - +0 cloak
rCorr    .         Reflect  .   (no gloves)
MR       +....     Clarity  +   d - +1 pair of boots
Stlth    ..........             (no amulet)
HPRegen  0.22/turn              u - ring of protection from fire
MPRegen  0.13/turn              z - +6 ring of intelligence

@: very slow
A: permanent stasis, dig shafts and tunnels, four strong arms, antennae 3
a: Dig, Shaft Self, Bend Time, Defer, Renounce Religion


You were on level 7 of the Dungeon.
You worshipped Cheibriados.
Cheibriados was pleased with you.
You were not hungry.

You visited 2 branches of the dungeon, and saw 8 of its levels.

You collected 345 gold pieces.

Inventory:

Hand Weapons
 a - a +3 broad axe of flaming (weapon)
 b - a +0 hunting sling
 w - a +0 blowgun
 y - a +0 shortbow
Missiles
 g - 709 arrows
 h - 4 curare-tipped needles
 o - 813 sling bullets
 p - 104 javelins (quivered)
 C - 91 poisoned needles
 H - 39 poisoned tomahawks
Armour
 d - a +1 pair of boots (worn)
 x - a +0 cloak (worn)
 A - a +0 plate armour (worn)
Jewellery
 u - a ring of protection from fire (left hand)
 z - a +6 ring of intelligence (right hand)
Wands
 l - a wand of clouds (3)
 E - a wand of disintegration (10)
 F - a wand of flame (8)
Scrolls
 f - 2 scrolls of revelation
 i - a scroll of identify
 q - a scroll of remove curse
 s - 2 scrolls of enchant weapon
 t - a scroll of fear {unknown}
Potions
 c - a potion of degeneration {unknown}
 j - a potion of haste {unknown}
 k - a potion of lignification {unknown}
 m - a potion of brilliance {unknown}
 n - a potion of invisibility {unknown}
 r - 3 potions of curing {unknown}
 v - 2 potions of flight
 B - 3 potions of agility {unknown}
 D - a potion of heal wounds {unknown}
Comestibles
 e - 2 rations {!d}


   Skills:
 * Level 5.8 Fighting
 * Level 7.4(7.6) Axes
   Level 2.2(5.2) Maces & Flails
 + Level 2.7(2.8) Slings
 + Level 0.8(1.7) Throwing
 * Level 6.5 Armour
 * Level 5.2 Dodging
 + Level 4.2 Stealth
 * Level 3.5 Invocations
 * Level 4.6 Evocations


You had 9 spell levels left.
You didn't know any spells.
Your spell library was empty.

Dungeon Overview and Level Annotations

Branches:
Dungeon (7/12)             Temple (1/1) D:5
   Lair: D:7-9

Altars:
Ashenzari
Cheibriados
Elyvilon
Fedhas
Kikubaaqudgha
Lugonu
Makhleb
Nemelex Xobeh
Ru
Sif Muna
Uskayaw
Vehumet
Wu Jian
Xom
Yredelemnul
Zin
The Shining One


Innate Abilities, Weirdness & Mutations

You cannot be hasted, slowed, berserked, paralysed or teleported.
You can dig through walls and to a lower floor.
Your four strong arms can wield two-handed weapons with a shield.
You have a pair of large antennae on your head. (SInv)


Message History

You closely miss the human berserker.
The human berserker is moderately wounded.
You hit the human berserker. You burn the human berserker.
The human berserker hits you.
The human berserker hits you with a +0 trident.
The human berserker closely misses you.
No path to travel!
The human berserker hits you but does no damage.
No path to travel!
You closely miss the human berserker.
The human berserker is severely wounded.
The human berserker hits you with a +0 trident!
* * * LOW HITPOINT WARNING * * *
The human berserker hits you with a +0 trident!
* * * LOW HITPOINT WARNING * * *
You slash the human berserker! You burn the human berserker.
You kill the human berserker!
Cheibriados appreciates the change of pace.
The human berserker hits you!
You die...

#####.........###.###.####
#..#...........#.......##.
#.##...........#...##.....
#.##...........##..##.###.
#<##...........##..##.####
#.###.........###..##...##
#.#.##...))..##.#..####.#
#.#..####p#####.#..####.##
#.#....##@##.##...........
#.##.###..##.#####>####.##
#.##.###.##...# #.# #.#
#.##...)......####.####.#
#...####................#
###.# ###########.####.#
#.# #.# #.# #.# ##### #.#
#)# #.# ##...###.# #.#


You could see a human berserker (berserk).

Vanquished Creatures
  A troll (D:7)
  A hippogriff (D:6)
  Sigmund (D:3)
  Eustachio (D:6)
  4 humans (D:7)
  A hungry ghost (D:7)
  A steam dragon (D:7)
  A water moccasin (D:7)
  2 orc warriors (D:6)
  A black bear (D:7)
  2 necrophages (D:6)
  An ogre (D:5)
  A bullfrog (D:7)
  2 centaurs
  A scorpion (D:7)
  3 wights (D:7)
  A howler monkey (D:4)
  3 orc priests
  2 crimson imps
  A bullfrog zombie (D:7)
  3 hounds
  A jelly (D:7)
  Crazy Yiuf (D:3)
  Jessica (D:3)
  2 iguanas
  6 orc wizards
  6 worker ants
  2 hound skeletons (D:4)
  7 adders
  2 shadow imps
  An ooze (D:5)
  An adder skeleton (D:3)
  3 worms
  5 leopard geckos (D:1)
  28 orcs
  A giant cockroach (D:1)
  5 goblins
  7 hobgoblins
  16 jackals
  2 quokkas
  3 bats (D:1)
  3 frilled lizards
  7 kobolds
  4 rats
148 creatures vanquished.

Notes
Turn   | Place    | Note
-------+----------+-------------------------------------------
     0 | D:1      | Grimmash the Formicid Archaeologist began the quest for the
                  | Orb.
     0 | D:1      | Reached XP level 1. HP: 15/15 MP: 1/1
    96 | D:1      | Reached XP level 2. HP: 14/21 MP: 2/2
   542 | D:1      | Reached XP level 3. HP: 25/26 MP: 3/3
  1103 | D:2      | Found a burning altar of Makhleb.
  1116 | D:2      | Reached skill level 1 in Armour
  1116 | D:2      | Reached XP level 4. HP: 31/32 MP: 4/4
  1325 | D:2      | Reached skill level 1 in Evocations
  2176 | D:2      | Found a burning altar of Makhleb.
  2766 | D:3      | Reached XP level 5. HP: 33/38 MP: 5/5
  2766 | D:3      | Identified a scroll of acquirement
  2766 | D:3      | Identified the ring "Amunyjiy" {+Blink rF+++ MR+ Dex+3
                  | Slay-2} (You acquired it on level 3 of the Dungeon)
  2986 | D:3      | Noticed Sigmund
  3014 | D:3      | Killed Sigmund
  3015 | D:3      | Reached skill level 1 in Axes
  3015 | D:3      | Reached XP level 6. HP: 32/46 MP: 7/7
  3066 | D:3      | Found a runed door.
  3330 | D:3      | Noticed Jessica
  3334 | D:3      | Killed Jessica
  3335 | D:3      | Reached skill level 2 in Axes
  3335 | D:3      | Reached XP level 7. HP: 47/51 MP: 8/8
  3812 | D:3      | Noticed Crazy Yiuf
  3816 | D:3      | Killed Crazy Yiuf
  3988 | D:4      | Reached skill level 3 in Axes
  4274 | D:4      | Reached XP level 8. HP: 51/59 MP: 9/9
  4582 | D:4      | Found a blossoming altar of Fedhas.
  4673 | D:5      | Entered Level 5 of the Dungeon
  4675 | D:5      | Found a staircase to the Ecumenical Temple.
  4697 | Temple   | Entered the Ecumenical Temple
  4724 | Temple   | Became a worshipper of Cheibriados the Contemplative
  4770 | D:5      | Reached skill level 4 in Axes
  4770 | D:5      | Reached skill level 1 in Slings
  4848 | D:5      | Found a sacrificial altar of Ru.
  5094 | D:5      | Found a shimmering altar of Xom.
  5094 | D:5      | Found an ornate altar of the Wu Jian Council.
  5419 | D:6      | Reached * piety under Cheibriados
  5490 | D:6      | Reached skill level 1 in Invocations
  5595 | D:6      | Found a radiant altar of Vehumet.
  5616 | D:6      | Reached skill level 5 in Axes
  5638 | D:6      | Noticed Eustachio
  5776 | D:6      | Found a radiant altar of Vehumet.
  5855 | D:6      | Killed Eustachio
  5856 | D:6      | Reached XP level 9. HP: 60/66 MP: 11/11
  5987 | D:6      | Found a sparkling altar of Nemelex Xobeh.
  6176 | D:6      | Noticed a hippogriff
  6190 | D:6      | Killed a hippogriff
  6191 | D:6      | Reached skill level 6 in Axes
  6341 | D:7      | Found an ancient bone altar of Kikubaaqudgha.
  6345 | D:7      | Reached ** piety under Cheibriados
  6346 | D:7      | Reached skill level 5 in Fighting
  6483 | D:7      | Reached skill level 5 in Armour
  6668 | D:7      | Noticed a troll
  6675 | D:7      | Killed a troll
  6692 | D:7      | Reached skill level 5 in Dodging
  6771 | D:7      | Reached XP level 10. HP: 59/74 MP: 13/13
  6875 | D:7      | Reached skill level 7 in Axes
  7221 | D:7      | Found a glowing silver altar of Zin.
  7221 | D:7      | Found a white marble altar of Elyvilon.
  7221 | D:7      | Found a glowing golden altar of the Shining One.
  7283 | D:7      | Slain by a human berserker

Skill      XL: |  1  2  3  4  5  6  7  8  9 10 |
---------------+-------------------------------+-----
Dodging        | 3 4 5 |  5.2
Armour         | 1 3 4 6 |  6.5
Evocations     | 1 2 3 4 |  4.6
Maces & Flails | 2 |  2.2
Fighting       | 2 3 4 5 |  5.8
Axes           | 1 2 3 5 6 7 |  7.4
Slings         | 1 2 |  2.7
Invocations    | 2 3 |  3.5
Throwing       | |  0.8
Stealth        | |  4.2

Action                   |  1- 3 |  4- 6 |  7- 9 | 10-12 || total
-------------------------+-------+-------+-------+-------++-------
Melee: Whip              |    20 |       |       |       ||    20
       Mace              |    55 |    93 |       |       ||   148
       Broad axe         |       |    55 |   271 |    34 ||   360
 Fire: Blowgun           |       |     1 |     1 |       ||     2
       Hunting sling     |       |       |    51 |    10 ||    61
Throw: Javelin           |     3 |     8 |     6 |       ||    17
  Use: Scroll            |       |     2 |     9 |       ||    11
  Eat: Chunk             |     2 |    14 |    19 |     2 ||    37
       Ration            |       |       |     5 |       ||     5
Armor: Robe              |    58 |       |       |       ||    58
       Scale mail        |     9 |   101 |    42 |       ||   152
       Plate armour      |       |       |   221 |    31 ||   252
Dodge: Dodged            |    84 |    86 |   139 |    31 ||   340
